Map: Nightscape LE

Players

qqq

  • Race: Zerg Zerg

Massa

  • Race: Terran Terran
  • League: Platinum

Warrion - Winner!

  • Race: Terran Terran
  • League: Diamond

Evgen - Winner!

  • Race: Protoss Protoss
  • League: Master

VOD

Have the link to the VOD?

Description

Time

  • Played on: April 10, 2021, 4:11 p.m.
  • Length: 10:29
Show
View Real Time Build Order
Export as new Build Order

qqq Zerg 

Build Orders: Hatch First 

Get SALT Encoding   

  12  0:00  Drone  
  13  0:08  Drone  
  14  0:17  Overlord  
  14  0:46  Hatchery  
  13  0:54  Drone  
  13  0:55  Drone  
  13  0:56  Drone  
  16  1:18  Spawning Pool  
  17  1:40  Hatchery, Drone x2  
  17  1:51  Drone  
  17  1:52  Drone  
  17  2:11  Queen  
  17  2:14  Zergling x2  
  20  2:17  Extractor  
  20  2:21  Drone  
  20  2:23  Spine Crawler  
  20  2:28  Drone  
  20  2:42  Zergling x2  
  21  2:52  Queen  
  21  2:54  Drone  
  21  2:55  Drone  
  25  3:31  Drone  
  25  3:32  Zergling x4  
  28  3:49  Overlord  
  28  3:54  Overlord  
  28  4:11  Zergling x2  
  28  4:15  Zergling x2  
  30  4:19  Lair  
  30  4:20  Metabolic Boost  
  29  4:32  Zergling x4  
  29  4:33  Zergling x4  
  33  4:42  Zergling x2  
  34  4:53  Zergling x2  
  35  5:00  Drone x2  
  35  5:01  Zergling x2  
  38  5:07  Spore Crawler  
  38  5:09  Hatchery  
  36  5:17  Hatchery, Zergling x6  
  36  5:18  Drone x2, Zergling x2  
  41  5:27  Zergling x2  
  41  5:28  Zergling x4  
  38  5:52  Zergling x8  
  38  5:53  Zergling x4  
  43  6:06  Zergling x2  
  43  6:07  Overlord x2  
  43  6:21  Zergling x8  
  44  6:28  Zergling x4  
  44  6:31  Zergling x2  
  37  6:59  Spire  
  37  7:00  Zergling x4  
  37  7:01  Drone x3  
  25  7:28  Extractor  
  25  7:29  Spore Crawler  
  23  7:40  Drone x3  
  23  7:41  Drone  
  27  7:49  Drone  
  29  7:58  Zergling x4  
  29  8:04  Spore Crawler  
  22  8:33  Spire  
  19  8:38  Drone x6, Extractor  
  17  9:03  Queen  
  17  9:04  Spore Crawler  
  18  9:11  Zergling x2  
  19  9:18  Zergling x2  
  19  9:30  Zergling x4  
  21  9:33  Drone  
  20  9:46  Mutalisk  
  21  10:00  Zergling x4  
Show
View Real Time Build Order
Export as new Build Order

Massa Terran 

Build Orders:  

Get SALT Encoding   

  12  0:00  SCV  
  13  0:12  SCV  
  14  0:23  Supply Depot  
  14  0:25  SCV  
  15  0:31  Refinery  
  15  0:44  SCV  
  15  0:46  Barracks  
  16  0:59  SCV  
  17  1:11  SCV  
  18  1:23  SCV  
  19  1:33  Reaper  
  20  1:56  Orbital Command  
  20  2:05  Factory  
  20  2:08  Barracks  
  20  2:13  Reaper  
  20  2:32  SCV  
  21  2:45  Reaper  
  21  2:49  SCV  
  21  2:50  Factory Tech Lab  
  23  3:05  Supply Depot  
  23  3:35  Barracks Tech Lab  
  23  3:36  Siege Tank  
  26  3:46  SCV  
  27  3:50  Command Center  
  27  3:57  Command Center  
  27  4:04  Marine x2  
  29  4:21  Marine  
  30  4:35  Supply Depot  
  30  4:36  Supply Depot  
  30  4:38  Supply Depot  
  30  4:39  Refinery  
  30  4:40  Supply Depot  
  30  4:53  Barracks Reactor  
  30  4:57  Siege Tank  
  33  5:12  Engineering Bay  
  33  5:25  Marine  
  34  5:38  Marine x2  
  36  5:42  Marine  
  37  5:56  Marine x2  
  39  6:00  Marine  
  39  6:14  Cyclone, Marine x2  
  39  6:15  Barracks  
  39  6:17  Barracks  
  39  6:18  Marine  
  40  6:31  Marine  
  40  6:32  Marine  
  40  6:39  Marine  
  41  6:46  Cyclone, Missile Turret  
  44  6:49  Marine x2, Missile Turret  
  46  7:14  Marine x3  
  37  7:32  Marine x2  
  35  7:38  Marine x2  
  35  7:39  Marine  
  29  7:48  SCV  
  29  7:50  Marine x2  
  29  7:56  Marine x2  
  26  8:00  SCV  
  26  8:01  Terran Infantry Weapons Level 1  
  21  8:13  Orbital Command  
  19  8:25  Cyclone  
  22  8:41  Mag-Field Accelerator  
  22  8:44  Marine  
  22  8:46  Marine  
  23  8:49  SCV  
  23  8:51  SCV  
  25  8:57  Cyclone  
  25  8:58  Missile Turret  
  25  9:01  SCV  
  25  9:02  Marine  
  27  9:03  SCV  
  20  9:26  SCV  
  20  9:29  Cyclone  
  24  9:38  SCV  
  19  9:50  SCV  
  20  10:02  SCV  
Show
View Real Time Build Order
Export as new Build Order

Warrion Terran - Winner!

Build Orders:  

Get SALT Encoding   

  12  0:00  SCV  
  13  0:12  SCV  
  14  0:17  Supply Depot  
  14  0:25  SCV  
  15  0:39  SCV  
  15  0:41  Barracks  
  16  0:51  SCV  
  17  1:03  SCV  
  18  1:15  SCV  
  19  1:26  Command Center  
  19  1:28  Orbital Command  
  19  1:38  Refinery  
  19  1:52  Refinery, Marine  
  20  1:55  SCV  
  21  2:07  SCV  
  22  2:19  SCV  
  23  2:37  Marine  
  23  2:38  SCV  
  23  2:42  Orbital Command, Factory  
  25  2:47  Refinery  
  25  2:50  SCV  
  26  2:55  Supply Depot  
  26  3:02  SCV  
  27  3:09  Command Center  
  28  3:12  SCV  
  28  3:14  SCV  
  29  3:25  SCV  
  29  3:26  SCV  
  31  3:29  Refinery  
  31  3:31  Starport  
  31  3:37  SCV  
  31  3:38  SCV  
  33  3:46  Marine  
  34  3:49  Factory Tech Lab, SCV  
  34  3:50  SCV  
  36  4:01  SCV  
  37  4:03  SCV  
  38  4:10  Bunker  
  38  4:13  SCV  
  38  4:14  Siege Tank  
  38  4:15  SCV  
  43  4:19  Fusion Core  
  43  4:21  Starport Tech Lab  
  43  4:22  Barracks Tech Lab  
  43  4:23  Starport  
  43  4:25  SCV  
  43  4:26  Starport, Orbital Command  
  44  4:35  SCV  
  45  4:42  SCV, Supply Depot  
  46  4:47  SCV  
  47  4:54  SCV x2  
  49  5:04  SCV  
  49  5:05  Supply Depot  
  50  5:11  Battlecruiser  
  56  5:17  Battlecruiser  
  56  5:21  Supply Depot  
  62  5:29  Battlecruiser  
  68  5:36  Refinery  
  68  5:42  SCV x3  
  68  6:00  SCV  
  69  6:06  Hellion  
  67  6:12  SCV  
  64  6:19  SCV  
  56  6:35  SCV x2  
  56  6:37  Orbital Command  
  48  6:47  SCV  
  48  6:48  SCV  
  50  6:59  SCV  
  50  7:00  SCV  
  50  7:14  Battlecruiser x3  
  68  7:16  Hellion  
  68  7:17  SCV  
  71  7:29  SCV  
  65  7:37  Hellion  
  65  7:44  SCV  
  65  7:46  Marine  
  59  7:58  Hellion  
  59  8:04  Marine  
  55  8:20  Hellion  
  54  8:32  Orbital Command  
  54  9:03  Refinery  
  54  9:13  SCV  
  54  9:14  SCV  
  54  9:19  Hellion  
  54  9:26  SCV  
  53  9:45  SCV  
  54  9:54  Hellion  
  54  10:10  Supply Depot  
  54  10:11  SCV, Supply Depot  
Show
View Real Time Build Order
Export as new Build Order

Evgen Protoss - Winner!

Build Orders:  

Get SALT Encoding   

  12  0:02  Probe (Chrono Boost)  
  13  0:11  Probe (Chrono Boost)  
  14  0:16  Pylon  
  14  0:22  Probe  
  15  0:35  Forge  
  15  1:01  Pylon  
  15  1:22  Photon Cannon, Pylon  
  15  1:23  Pylon  
  15  1:28  Pylon  
  15  1:30  Pylon  
  15  1:38  Pylon  
  15  1:58  Photon Cannon  
  15  1:59  Gateway  
  15  2:07  Photon Cannon  
  15  2:11  Assimilator  
  15  2:13  Photon Cannon  
  14  2:23  Probe (Chrono Boost)  
  15  2:35  Probe (Chrono Boost)  
  16  2:42  Probe (Chrono Boost)  
  17  2:49  Probe, Zealot (Chrono Boost), Cybernetics Core  
  20  2:55  Assimilator  
  20  3:01  Probe  
  20  3:04  Pylon  
  21  3:13  Probe  
  21  3:14  Cybernetics Core  
  24  3:28  Probe (Chrono Boost)  
  25  3:38  Probe (Chrono Boost)  
  26  3:43  Probe (Chrono Boost), Stargate  
  27  3:59  Pylon  
  27  4:01  Gateway  
  27  4:03  Cybernetics Core  
  27  4:09  Pylon  
  23  4:18  Void Ray (Chrono Boost)  
  23  4:29  Shield Battery  
  23  4:30  Shield Battery  
  23  4:31  Shield Battery  
  27  4:39  Stargate  
  27  4:50  Shield Battery  
  27  4:53  Pylon  
  27  5:01  Photon Cannon  
  31  5:27  Void Ray (Chrono Boost)  
  31  5:31  Void Ray (Chrono Boost)  
  31  5:42  Shield Battery  
  35  6:02  Void Ray (Chrono Boost)  
  38  6:51  Pylon x2, Nexus  
  38  6:52  Void Ray  
  38  6:53  Pylon  
  34  7:49  Void Ray  
  34  8:10  Probe  
  35  8:22  Probe, Assimilator  
  36  8:34  Probe  
  36  8:36  Probe  
  36  8:37  Assimilator  
  38  8:46  Probe (Chrono Boost)  
  39  8:53  Probe (Chrono Boost)  
  40  8:58  Probe (Chrono Boost)  
  42  9:02  Probe (Chrono Boost)  
  42  9:04  Probe (Chrono Boost)  
  42  9:07  Probe (Chrono Boost)  
  44  9:13  Probe  
  45  9:19  Probe  
  46  9:25  Probe  
  46  9:31  Probe  
  48  9:32  Void Ray (Chrono Boost)  
  48  9:37  Probe  
  53  9:43  Probe  
  54  9:49  Probe  
  54  9:51  Void Ray (Chrono Boost)  
  55  10:05  Probe x2  
  60  10:17  Probe  
Tags
 
Add a new tag
Caveats
  • Supply blocks, unpowered buildings, or Contaminate may cause inaccurate times.
  • Supply counts are checked every 10 seconds.